Map: 2000 Atmospheres LE

Players

Salt

  • Race: Protoss Protoss
  • League: Diamond
  • Spawn Location: 3:00

Pumba - Winner!

  • Race: Protoss Protoss
  • League: Diamond
  • Spawn Location: 7:00

VOD

Have the link to the VOD?

Description

Time

  • Played on: March 15, 2022, 6:35 p.m.
  • Length: 6:28
Show
View Real Time Build Order
Export as new Build Order

Salt Protoss 

Build Orders:  

Get SALT Encoding   

  12  0:02  Probe  
  13  0:14  Probe  
  14  0:26  Probe  
  15  0:32  Pylon  
  15  0:51  Gateway x2  
  15  0:57  Gateway  
  15  1:01  Probe  
  16  1:14  Probe  
  17  1:23  Pylon  
  17  1:30  Gateway  
  17  1:37  Zealot x2 (Chrono Boost)  
  23  1:48  Zealot (Chrono Boost)  
  23  1:55  Zealot  
  23  1:56  Zealot  
  27  2:11  Zealot  
  29  2:38  Nexus  
  29  2:47  Cybernetics Core  
  29  2:50  Assimilator  
  27  3:21  Pylon  
  23  3:56  Shield Battery  
  11  4:51  Nexus  
Show
View Real Time Build Order
Export as new Build Order

Pumba Protoss - Winner!

Build Orders:  

Get SALT Encoding   

  12  0:00  Probe  
  13  0:13  Probe  
  14  0:18  Pylon  
  14  0:25  Probe  
  15  0:37  Probe (Chrono Boost)  
  15  0:38  Gateway  
  16  0:46  Probe (Chrono Boost), Assimilator  
  17  0:51  Probe (Chrono Boost)  
  17  0:54  Assimilator  
  19  1:11  Gateway  
  19  1:14  Forge  
  18  1:28  Zealot, Pylon  
  18  1:32  Probe  
  21  1:46  Photon Cannon  
  21  1:50  Probe  
  21  1:53  Cybernetics Core  
  22  2:02  Probe  
  23  2:11  Pylon  
  24  2:15  Probe  
  24  2:27  Pylon  
  24  2:30  Stalker  
  24  2:31  Stalker  
  28  2:41  Shield Battery  
  28  2:42  Probe  
  29  2:48  Warp Gate (Chrono Boost), Assimilator  
  29  3:01  Stalker (Chrono Boost)  
  31  3:11  Probe  
  31  3:12  Pylon  
  32  3:16  Stalker (Chrono Boost)  
  34  3:29  Gateway  
  34  3:36  Probe  
  35  3:52  Stalker  
  35  3:53  Stalker  
  39  3:58  Gateway  
  38  4:25  Stalker  
  40  4:33  Stalker x2  
  44  4:52  Pylon  
  44  4:57  Stalker  
  46  5:01  Pylon  
  46  5:14  Stalker x3  
  52  5:31  Robotics Facility  
  52  5:40  Stalker x3  
  52  5:41  Stalker  
  60  5:50  Pylon  
  60  6:18  Stalker x4  
Tags
 
Add a new tag
Caveats
  • Supply blocks, unpowered buildings, or Contaminate may cause inaccurate times.
  • Supply counts are checked every 10 seconds.